 Dungeon Crawl Stone Soup version 0.29.1-15-g9cfb28693d (webtiles) character file.

Game seed: 11928353167988608397

2460 raph the Geomancer (level 9, -2/36 HPs)
             Began as a Deep Elf Earth Elementalist on Mar 27, 2023.
             Was a Follower of Kikubaaqudgha.
             Killed from afar by a wretched star (12 damage)
             ... with a lance of force
             ... on level 1 of the Abyss.
             The game lasted 00:11:10 (7970 turns).

raph the Geomancer (Deep Elf Earth Elementalist)    Turns: 7970, Time: 00:11:10

Health: -2/36      AC:  5    Str:  5    XL:     9   Next: 26%
Magic:  11/19      EV: 12    Int: 25    God:    Kikubaaqudgha [*.....]
Gold:   220        SH:  0    Dex: 15    Spells: 3/21 levels left

rFire   . . .      SeeInvis .   a - +1 dagger (venom)
rCold   . . .      Faith    .   (no shield)
rNeg    . . .      Spirit   .   C - +0 steam dragon scales
rPois   +          Reflect  .   (no helmet)
rElec   .          Harm     .   r - +1 cloak
rCorr   .          Rampage  .   (no gloves)
Will    .....                   g - +0 pair of boots
Stlth   ++........              (no amulet)
HPRegen 0.12/turn               x - ring of poison resistance
MPRegen 0.16/turn               (no ring)

@: about to teleport
A: low MP 1, [deformed body], [frail 2], [subdued magic 2]
a: Renounce Religion, Unearth Wretches


You were on level 1 of the Abyss.
You worshipped Kikubaaqudgha.
Kikubaaqudgha was aware of your devotion.
You visited 1 branch of the dungeon, and saw 7 of its levels.
You visited the Abyss 1 time.

You collected 395 gold pieces.
You spent 175 gold pieces at shops.

Inventory:

Hand Weapons
 a - a +1 dagger of venom (weapon)
 k - a +0 dagger
 o - a +0 rapier
 u - a +0 shortbow
Missiles
 f - 3 throwing nets
 l - 10 poisoned darts
Armour
 d - a +0 robe
 g - a +0 pair of boots (worn)
 r - a +1 cloak (worn)
 C - +0 steam dragon scales (worn)
Magical Staves
 b - a staff of death
Jewellery
 x - a ring of poison resistance (left hand)
 A - an amulet of guardian spirit
 B - the ring of Xaddefywn {Ice rElec MP+9 Str+5 Int-5}
   (You found it on level 6 of the Dungeon)

   [ring of ice]

   It enhances your ice magic.
   Str:       It affects your strength (+5).
   Int:       It affects your intelligence (-5).
   rF:        It makes you vulnerable to fire.
   rC:        It protects you from cold.
   rElec:     It insulates you from electricity.
   MP:        It affects your magic capacity (+9).
Wands
 n - a wand of roots (13)
Scrolls
 c - 2 scrolls of identify
 e - a scroll of poison
 h - 3 scrolls of teleportation
 t - a scroll of fog
 w - 2 scrolls of fear
Potions
 i - a potion of berserk rage
 j - 2 potions of curing
 m - 5 potions of heal wounds
 p - 2 potions of flight
 q - a potion of magic
 s - 2 potions of brilliance
 v - 2 potions of attraction
 z - a potion of cancellation


   Skills:
 - Level 2.4 Dodging
 - Level 2.4 Stealth
 + Level 6.8 Spellcasting
 + Level 1.9 Hexes
 * Level 7.9 Necromancy
 - Level 1.1 Transmutations
 * Level 10.7 Earth Magic


You had 3 spell levels left.
You knew the following spells:

 Your Spells              Type           Power      Damage    Failure   Level
a - Sandblast             Erth           76%        2d16      1%          1
b - Passwall              Tmut/Erth      19%        N/A       1%          2
c - Stone Arrow           Conj/Erth      44%        3d9       1%          3
d - Petrify               Tmut/Erth      23%        N/A       3%          4
e - Necrotise             Necr           100%       1d9       1%          1
f - Vampiric Draining     Necr           30%        2d8       1%          3
g - Anguish               Hex/Necr       10%        N/A       5%          4

Your spell library contained the following spells:

 Spells                   Type           Power      Damage    Failure   Level
 Sublimation of Blood     Necr           30%        N/A       1%          2
 Summon Small Mammal      Summ           20%        N/A       4%          1
 Blink                    Tloc           10%        N/A       7%          2
 Poisonous Vapours        Pois/Air       10%        N/A       7%          2
 Summon Guardian Golem    Hex/Summ       8%         N/A       10%         3
 Call Canine Familiar     Summ           5%         N/A       14%         3
 Lesser Beckoning         Tloc           5%         N/A       14%         3
 Corpse Rot               Necr/Pois/Air  13%        N/A       16%         4
 Manifold Assault         Tloc           5%         N/A       83%         5


Dungeon Overview and Level Annotations

Branches:
Dungeon (7/15)             Temple (0/1) D:5

Altars:
Fedhas
Kikubaaqudgha
Makhleb
Ru

Shops:
D:6 :*


Innate Abilities, Weirdness & Mutations

Your magical capacity is low. (-10% MP)
[Armour fits poorly on your strangely shaped body.]
[You are very frail. (-20% HP)]
[Your spells are easier to cast, but less powerful.]


Message History

A large abomination comes into view.
A wretched star comes into view.
A large abomination comes into view.
The green death gestures at you. The bolt of poison hits you! You resist.
* * * LOW HITPOINT WARNING * * *
A thrashing horror comes into view.
A tentacled starspawn comes into view. x2
A tentacle flies out from the starspawn's body!
A starspawn tentacle comes into view.
A starspawn tentacle comes into view.
The green death gestures at you.
The thrashing horror roars!
You hit the starspawn tentacle but do no damage.
The wretched star pulses with an eldritch light!
You feel frail. x2
Tentacles burst from the starspawn's body!
The starspawn tentacle barely misses you. 2 starspawn tentacles come into view.
The wretched star pulses with an eldritch light!
Your connection to magic feels subdued.
Your connection to magic feels more subdued.
A tentacle flies out from the starspawn's body!
A starspawn tentacle comes into view.
As you read the scroll of teleportation, it crumbles to dust.
You feel strangely unstable.
You feel the power of the Abyss delaying your translocation!
A tentacle flies out from the starspawn's body!
The starspawn tentacle grabs you. The starspawn tentacle constricts you.
A starspawn tentacle comes into view.
You escape the starspawn tentacle's grasp.
The neqoxec gestures at you.
Strange energies course through your body.
You feel less energetic.
The wretched star pulses with an eldritch light!
Your body twists and deforms.
Found a gateway leading deeper into the Abyss.
The wretched star glows turbulently.
The lance of force hits you!
You die...
Kikubaaqudgha rasps: "You have failed me!
Welcome... death!"

. . .. .# ##. #. #.
§. . .. .. .## .#.#
#.# #.##.. #.# ##.#.#
.. .##.. #..@# .# #
#....####..# .. .#
.......#.#..§.... ..#
#§.*.#...>.#.#.. #
#.#########.. .
..#..#.#.##..#Λ####.#
....#....*...#
#─.wΛ.. #.
#.......X.X. .......
#............#...
#X#.


You could see a wretched star.

Vanquished Creatures
  Eustachio (D:4)
  A steam dragon (D:7)
  2 water moccasins (D:6)
  An orc warrior (D:7)
  A black bear (D:6)
  5 centaurs
  2 phantoms
  2 bullfrogs
  2 scorpions (D:6)
  A howler monkey (D:6)
  3 orc priests
  4 hounds
  Crazy Yiuf (D:4)
  A jelly (D:5)
  5 iguanas
  3 orc wizards
  7 gnolls
  7 adders
  2 shadow imps (D:6)
  A white imp (D:6)
  3 dart slugs
  25 orcs
  4 ball pythons
  9 bats
  3 endoplasms
  4 giant cockroaches
  7 goblins
  4 hobgoblins
  4 quokkas
  3 frilled lizards
  5 kobolds
  3 rats
126 creatures vanquished.

Vanquished Creatures (others)
  Maggie (D:7)
  6 starspawn tentacles (Abyss:1)
7 creatures vanquished.

Grand Total: 133 creatures vanquished

Notes
Turn   | Place    | Note
-------+----------+-------------------------------------------
     0 | D:1      | raph the Deep Elf Earth Elementalist began the quest for
                  | the Orb.
     0 | D:1      | Reached XP level 1. HP: 10/10 MP: 6/6
   204 | D:1      | Found a faded altar of an unknown god.
   437 | D:1      | Reached XP level 2. HP: 15/15 MP: 6/8
   440 | D:1      | Learned a level 2 spell: Passwall
   458 | D:1      | Reached skill level 4 in Earth Magic
  1482 | D:2      | Reached XP level 3. HP: 14/19 MP: 5/9
  1501 | D:2      | Reached skill level 5 in Earth Magic
  1801 | D:2      | Reached XP level 4. HP: 17/24 MP: 2/10
  1888 | D:2      | Learned a level 3 spell: Stone Arrow
  2844 | D:3      | Reached skill level 6 in Earth Magic
  2844 | D:3      | Reached XP level 5. HP: 18/28 MP: 7/11
  3101 | D:3      | Found an ancient bone altar of Kikubaaqudgha.
  3105 | D:3      | Found a sacrificial altar of Ru.
  3107 | D:3      | Found a blossoming altar of Fedhas.
  3113 | D:3      | Became a worshipper of Kikubaaqudgha
  3549 | D:4      | Noticed Eustachio
  3557 | D:4      | Killed Eustachio
  3558 | D:4      | Reached skill level 7 in Earth Magic
  3558 | D:4      | Reached XP level 6. HP: 32/32 MP: 0/12
  4083 | D:4      | Learned a level 4 spell: Petrify
  4119 | D:4      | Reached skill level 1 in Necromancy
  4215 | D:4      | Reached skill level 8 in Earth Magic
  4398 | D:4      | Found a runed translucent door.
  4399 | D:4      | Noticed Crazy Yiuf
  4404 | D:4      | Killed Crazy Yiuf
  4710 | D:5      | Entered Level 5 of the Dungeon
  4715 | D:5      | Reached XP level 7. HP: 36/36 MP: 7/14
  4962 | D:5      | Found a staircase to the Ecumenical Temple.
  5552 | D:6      | Found Lyox's Self-Improvement Boutique.
  5669 | D:6      | Found Geifoen's General Store.
  5677 | D:6      | Bought a scroll of identify for 24 gold pieces
  5677 | D:6      | Bought a wand of roots (4) for 115 gold pieces
  5677 | D:6      | Bought a scroll of teleportation for 36 gold pieces
  5973 | D:6      | Reached skill level 9 in Earth Magic
  6114 | D:6      | Reached XP level 8. HP: 41/41 MP: 13/17
  6230 | D:6      | Reached skill level 5 in Necromancy
  6278 | D:6      | Reached * piety under Kikubaaqudgha
  6278 | D:6      | Received a gift from Kikubaaqudgha
  6300 | D:6      | Learned a level 1 spell: Necrotise
  6304 | D:6      | Learned a level 3 spell: Vampiric Draining
  6316 | D:6      | Reached skill level 5 in Spellcasting
  6747 | D:6      | Identified the ring of Xaddefywn {Ice rElec MP+9 Str+5
                  | Int-5}
  6825 | D:6      | Reached skill level 10 in Earth Magic
  7294 | D:7      | Reached XP level 9. HP: 34/45 MP: 10/20
  7514 | D:7      | Learned a level 4 spell: Anguish
  7799 | D:7      | Noticed Maggie
  7893 | D:6      | Found a burning altar of Makhleb.
  7911 | D:7      | Reached skill level 1 in Hexes
  7920 | D:7      | Killed Maggie
  7920 | Abyss:1  | Cast into level 1 of the Abyss (Maggie)
  7952 | Abyss:1  | Noticed a green death
  7953 | Abyss:1  | Noticed a smoke demon
  7953 | Abyss:1  | Noticed a wretched star
  7953 | Abyss:1  | Noticed a thrashing horror
  7954 | Abyss:1  | Noticed a tentacled starspawn
  7954 | Abyss:1  | Noticed a tentacled starspawn
  7964 | Abyss:1  | Gained mutation: Your magical capacity is low. (-10% MP) [a
                  | neqoxec]
  7970 | Abyss:1  | Killed from afar by a wretched star

Illustrated notes

Levels and vault maps discovered:
D:1:      saegor_arrival_simple_d, layout_basic, shapermc_ecumenical_altar_petra
D:2:      layout_basic, guppyfry_early_orc_mine
D:3:      layout_basic, grunt_temple_overflow_diamond, minmay_joined_circles
D:4:      layout_loops_ring, uniq_eustachio, uniq_crazy_yiuf_cottage
D:5:      layout_basic, minmay_temple_entry_stoned_glass,
          small_statue_intersection, minmay_misc_feat_cross
D:6:      minmay_clustersquares, layout_loops_cross,
          nicolae_overflow_hidden_temple, serial_shops,
          nicolae_shop_advertising_works [nicolae_subvault_shop_adworks],
          nicolae_shop_self_help
D:7:      layout_basic, palyth_stone_intersect, roderic_serpentine_path,
          minmay_three_doors, uniq_maggie
Abyss:1:  base: D:3, minivault_28

Skill      XL: |  1  2  3  4  5  6  7  8  9 |
---------------+----------------------------+-----
Earth Magic    | 4 5 6 7 8 9 10 | 10.7
Necromancy     | 2 4 7 |  7.9
Spellcasting   | 4 6 |  6.8
Hexes          | 1 |  1.9
Dodging        | |  2.4
Stealth        | |  2.4
Transmutations | |  1.1

Action                   |  1- 3 |  4- 6 |  7- 9 || total
-------------------------+-------+-------+-------++-------
Melee: Dagger            |       |     1 |    22 ||    23
 Cast: Sandblast         |    47 |    51 |    10 ||   108
       Stone Arrow       |       |    14 |    71 ||    85
       Passwall          |       |     1 |       ||     1
       Petrify           |       |       |     5 ||     5
       Anguish           |       |       |     1 ||     1
  Use: Scroll            |     7 |     4 |     6 ||    17
 Stab: Petrified         |       |       |     7 ||     7
       Sleeping          |       |       |     1 ||     1
Armor: Robe              |     6 |     2 |    12 ||    20
       Steam dragon scal |       |       |     3 ||     3
Dodge: Dodged            |    10 |    14 |    32 ||    56
